 Dungeon Crawl Stone Soup version 0.17-a0-1368-g6ab37f2 (webtiles) character file.

280 abixa the Cleaver (level 6, -2/52 HPs)
             Began as a Hill Orc Berserker on June 12, 2015.
             Was a Priest of Trog.
             Slain by an ogre
             ... wielding a +0 giant spiked club
              (30 damage)
             ... on level 4 of the Dungeon.
             The game lasted 00:06:54 (3018 turns).

abixa the Cleaver (Hill Orc Berserker)              Turns: 3018, Time: 00:06:54

Health: -2/52      AC:  6    Str: 20    XL:     6   Next: 27%
Magic:  6/6        EV: 10    Int:  7    God:    Trog [***...]
Gold:   114        SH:  0    Dex: 12    Spells: 0 memorised, 5 levels left

rFire  . . .     SeeInvis .     a - +0 war axe
rCold  . . .     Clarity  .     h - +0 scale mail
rNeg   . . .     SustAt   .     (no shield)
rPois  .         Gourm    .     (no helmet)
rElec  .         Spirit   .     (no cloak)
rCorr  .         Warding  .     (no gloves)
rMut   .         Rnd*Tele +     (no boots)
MR     .....                    (no amulet)
Stlth  ..........               (no ring)
                                l - ring of teleportation (curse)

@: lethally poisoned (-2 -> -4), not resistant to hostile enchantments,
extremely unstealthy
A: no striking features
a: Burn Spellbooks, Berserk, Trog's Hand, Renounce Religion, Evoke Teleportation


You were on level 4 of the Dungeon.
You worshipped Trog.
Trog was most pleased with you.
You were not hungry.

You visited 1 branch of the dungeon, and saw 4 of its levels.

You collected 114 gold pieces.

Inventory:

Hand weapons
 a - a +0 war axe (weapon)
 b - a +0 blowgun
Missiles
 d - 19 sling bullets
 e - 46 bolts
 f - 137 stones (quivered)
 o - 4 tomahawks
 u - 17 poisoned needles
Armour
 h - a +0 scale mail (worn)
 i - a +0 plate armour
 j - a +0 chain mail
Jewellery
 l - a cursed ring of teleportation (left hand)
 p - a +3 ring of dexterity {unknown}
 w - a cursed -2 ring of evasion {unknown}
Scrolls
 m - a scroll of remove curse {unknown}
 q - a scroll of fear {unknown}
 r - a scroll of identify {unknown}
 v - a scroll of amnesia {unknown}
Potions
 g - a potion of curing {unknown}
 s - 2 potions of resistance {unknown}
Comestibles
 c - 3 bread rations
 k - a slice of pizza
 n - a meat ration
 t - a chunk of flesh


   Skills:
 - Level 3.9 Fighting
 * Level 8.1 Axes
 + Level 3.5 Armour
 - Level 1.5 Dodging


You had 5 spell levels left.
You didn't know any spells.

Dungeon Overview and Level Annotations

Branches:
Dungeon (4/15)
 Temple: D:4-7

Altars:
Cheibriados
Fedhas
Gozag
Kikubaaqudgha
Makhleb
Qazlal
Ru
Trog


Message History

You hit the ogre.
The ogre is lightly wounded.
The ogre barely misses you.
You barely miss the ogre.
The ogre is lightly wounded.
You feel sick. The ogre closely misses you.
You barely miss the ogre.
The ogre is lightly wounded.
You hit the ogre but do no damage.
The ogre is lightly wounded.
You feel sick.
The ogre hits you with a giant spiked club!
You hit the ogre.
The ogre is lightly wounded.
The ogre closely misses you.
You hit the ogre.
The ogre is heavily wounded.
The ogre hits you with a giant spiked club!!
Ouch! That really hurt!
You die...

..........).# #. .!#..#.
######.##### ## ........#
#.###.## .#.#.$.#.#
#.##<..## # #........#
#.......# ## ..........#
####...## ##. ..#.......#
##..## ##..
#..#.....#########...####...
...#.....O@.............+...
#......########....####...
##....## #.#.## ##.. #...##
#.### ##. #...# #.# ##
####''#### #.# #.
##........## #.# #.
##..........# #.# ######.
##............# #.# #......


You could see an ogre.

Vanquished Creatures
  A black bear (D:4)
  A hound (D:3)
  A worker ant (D:4)
  5 adders
  2 oozes (D:1)
  7 giant geckos
  4 orcs (D:3)
  9 bats
  4 giant cockroaches
  4 hobgoblins
  2 jackals (D:3)
  A quokka (D:4)
  2 ball pythons
  4 giant newts
  12 goblins
  A jackal skeleton (D:4)
  9 kobolds
  23 rats
92 creatures vanquished.

Notes
Turn   | Place    | Note
--------------------------------------------------------------
     0 | D:1      | abixa the Hill Orc Berserker began the quest for the Orb.
     0 | D:1      | Reached XP level 1. HP: 19/19 MP: 1/1
   209 | D:1      | Reached XP level 2. HP: 17/26 MP: 2/2
   250 | D:1      | Reached skill level 5 in Axes
   530 | D:1      | Acquired Trog's second power
   623 | D:1      | Reached XP level 3. HP: 31/31 MP: 3/3
  1269 | D:2      | Found a snail-covered altar of Cheibriados.
  1380 | D:2      | Found a faded altar to an unknown god.
  1397 | D:2      | Reached skill level 6 in Axes
  1744 | D:3      | Reached XP level 4. HP: 24/40 MP: 4/4
  1980 | D:3      | Found an opulent altar of Gozag.
  2160 | D:3      | Found a bloodstained altar of Trog.
  2160 | D:3      | Found a sacrificial altar of Ru.
  2160 | D:3      | Found a burning altar of Makhleb.
  2273 | D:3      | Found a stormy altar of Qazlal.
  2294 | D:3      | Reached XP level 5. HP: 41/46 MP: 5/5
  2363 | D:3      | Reached skill level 7 in Axes
  2618 | D:3      | Found a blossoming altar of Fedhas.
  2836 | D:4      | Noticed a black bear
  2846 | D:4      | Killed a black bear
  2846 | D:4      | Reached XP level 6. HP: 41/52 MP: 6/6
  2909 | D:4      | Reached skill level 8 in Axes
  2942 | D:4      | Found an ancient bone altar of Kikubaaqudgha.
  2988 | D:4      | Noticed an ogre
  3018 | D:4      | Slain by an ogre

Vault maps used:
D:1:      dpeg_arrival_circle_labyrinth_c, minmay_misc_feat_iff,
          corexii_corridor_pit
D:2:      lemuel_round_altar, ecumenical_altar_2, first_bread
D:3:      nicolae_overflow_hidden_temple, nicolae_overflow_quartered_altars,
          fedhas_altar_4
D:4:      kennysheep_big_flooded_room, kennysheep_mini,
          hangedman_abyss_or_decor_lesser_grid, minmay_rat_hole

Action                   |  1- 3 |  4- 6 || total
-------------------------+-------+-------++-------
Melee: Hand axe          |   113 |    44 ||   157
       War axe           |       |    81 ||    81
Throw: Stone             |       |     7 ||     7
  Eat: Chunk             |     2 |     5 ||     7
